Map: Backwater LE

Players

SpeCial

  • Race: Terran Terran
  • Spawn Location: 11:00

GuMiho - Winner!

  • Race: Terran Terran
  • Spawn Location: 5:00

Event: IEM Season 12 - Katowice

VOD

Have the link to the VOD?

Description

Time

  • Played on: March 1, 2018, 6:16 a.m.
  • Length: 9:17

All games in this series

Show
View Real Time Build Order
Export as new Build Order

SpeCial Terran 

Build Orders: Reaper Expand, Mech 

Get SALT Encoding   

  12  0:00  SCV  
  13  0:12  SCV  
  14  0:16  Supply Depot  
  14  0:24  SCV  
  15  0:38  SCV  
  15  0:40  Barracks  
  16  0:46  Refinery  
  16  0:50  SCV  
  17  1:02  SCV  
  18  1:14  SCV  
  19  1:29  Orbital Command  
  19  1:30  Reaper  
  20  1:44  Command Center  
  20  1:53  Supply Depot  
  20  1:55  SCV  
  21  2:01  Marine  
  21  2:07  SCV  
  23  2:10  Factory  
  23  2:19  SCV, Refinery  
  24  2:24  Barracks Reactor  
  24  2:31  SCV  
  25  2:43  SCV  
  26  2:56  SCV  
  26  2:58  Orbital Command  
  27  3:06  Hellion x2  
  27  3:08  SCV  
  27  3:11  Marine  
  26  3:20  SCV  
  26  3:26  SCV  
  23  3:31  Cyclone  
  25  3:37  Cyclone  
  25  3:39  SCV  
  27  3:46  SCV  
  28  3:51  SCV  
  29  3:58  SCV  
  30  4:03  SCV  
  30  4:06  Cyclone  
  34  4:10  SCV  
  34  4:15  SCV  
  36  4:22  SCV  
  37  4:25  Cyclone  
  37  4:26  Command Center  
  37  4:30  SCV  
  41  4:34  SCV  
  41  4:36  Supply Depot  
  42  4:42  SCV  
  41  4:47  SCV  
  42  4:54  SCV  
  42  4:59  SCV, Engineering Bay  
  44  5:00  Cyclone  
  44  5:04  Supply Depot  
  44  5:05  Cyclone  
  44  5:06  SCV  
  51  5:11  SCV, Barracks Tech Lab  
  52  5:18  SCV  
  53  5:23  SCV  
  53  5:26  Supply Depot  
  54  5:29  Missile Turret  
  54  5:30  SCV  
  54  5:35  SCV  
  55  5:42  SCV  
  56  5:46  Factory  
  56  5:47  SCV  
  56  5:48  Hellion, Refinery  
  56  5:49  Orbital Command, Refinery  
  58  5:54  SCV  
  58  5:59  SCV  
  58  6:00  Starport  
  58  6:02  Barracks Reactor  
  58  6:07  SCV  
  58  6:08  Missile Turret  
  59  6:11  SCV  
  60  6:19  SCV  
  60  6:20  SCV  
  60  6:23  SCV  
  60  6:25  Siege Tank  
  66  6:31  SCV  
  66  6:32  SCV  
  68  6:35  SCV  
  68  6:39  Supply Depot  
  69  6:43  SCV  
  69  6:44  SCV  
  69  6:46  Hellion x2  
  75  6:48  SCV  
  75  6:51  Viking x2  
  80  6:55  SCV  
  80  6:56  SCV  
  80  6:59  Siege Tank  
  80  7:00  SCV  
  84  7:03  Supply Depot  
  84  7:07  SCV  
  84  7:08  SCV  
  86  7:12  SCV  
  86  7:14  Armory  
  87  7:19  Hellion x2, SCV  
  87  7:20  SCV  
  87  7:21  Viking  
  93  7:24  SCV  
  92  7:31  Viking, SCV  
  92  7:32  SCV  
  92  7:35  Missile Turret  
  96  7:37  SCV  
  96  7:40  Supply Depot  
  96  7:43  SCV  
  96  7:44  Siege Tank  
  101  7:59  Factory  
  101  8:00  Refinery  
  101  8:01  Refinery  
  101  8:02  SCV x2, Hellion x2  
  101  8:03  Supply Depot  
  105  8:05  SCV  
  106  8:14  SCV  
  106  8:15  SCV  
  106  8:18  SCV  
  109  8:21  Supply Depot  
  109  8:24  Hellion x2, Siege Tank  
  109  8:26  SCV  
  117  8:30  Supply Depot  
  117  8:35  Viking  
  117  8:36  SCV  
  117  8:37  Supply Depot  
  117  8:41  Factory  
  117  8:42  Viking, SCV x2  
  117  8:45  Supply Depot  
  117  8:46  Factory Tech Lab  
  117  8:47  Hellion x2  
  125  8:51  Factory  
  125  8:52  SCV  
  125  8:53  Supply Depot  
  125  8:54  SCV  
Show
View Real Time Build Order
Export as new Build Order

GuMiho Terran - Winner!

Build Orders: Cyclone Opening, MMM Bio 

Get SALT Encoding   

  12  0:02  SCV  
  13  0:14  SCV  
  14  0:17  Supply Depot  
  14  0:26  SCV  
  14  0:27  Refinery  
  15  0:39  SCV  
  16  0:44  Barracks  
  16  0:51  SCV  
  16  0:54  Refinery  
  17  1:03  SCV  
  18  1:15  SCV  
  19  1:30  Orbital Command  
  19  1:31  Reaper  
  20  1:35  Factory  
  20  1:43  Supply Depot  
  20  1:55  SCV  
  21  2:03  Reaper  
  21  2:07  SCV  
  23  2:19  Hellion  
  23  2:20  SCV  
  26  2:25  Command Center  
  26  2:32  SCV  
  26  2:33  Supply Depot  
  26  2:36  Barracks Reactor  
  27  2:44  Cyclone  
  27  2:48  SCV  
  31  3:00  SCV  
  31  3:02  Starport  
  32  3:14  SCV  
  32  3:17  Marine x2  
  32  3:18  Factory Tech Lab  
  35  3:26  SCV  
  35  3:39  SCV  
  34  3:44  Orbital Command  
  34  3:45  Banshee  
  37  3:48  Cloaking Field  
  37  3:51  SCV  
  37  3:53  Factory Tech Lab  
  37  3:54  Marine x2  
  39  4:03  SCV  
  40  4:10  SCV  
  40  4:12  Marine x2  
  40  4:13  Siege Tank  
  46  4:18  SCV  
  46  4:22  SCV  
  48  4:24  Supply Depot  
  48  4:30  Banshee  
  51  4:32  SCV  
  51  4:34  SCV  
  51  4:37  Command Center  
  53  4:40  Marine  
  53  4:45  SCV, Marine  
  54  4:46  SCV  
  54  4:49  Supply Depot  
  56  4:53  Siege Tank  
  56  4:58  SCV x2  
  60  5:01  Supply Depot  
  62  5:10  SCV x2  
  62  5:22  Starport Reactor, SCV x2, Stimpack  
  62  5:23  Barracks  
  62  5:25  Barracks  
  64  5:28  Refinery  
  64  5:29  Refinery  
  64  5:34  SCV x2  
  66  5:36  Engineering Bay  
  66  5:37  Engineering Bay  
  66  5:46  Marine  
  66  5:47  SCV x2  
  66  5:49  Siege Tank  
  73  5:58  Orbital Command  
  73  5:59  SCV x2  
  74  6:04  Terran Infantry Weapons Level 1  
  74  6:08  Starport Reactor, Marine  
  74  6:11  SCV x2  
  74  6:18  Marine, Terran Infantry Armor Level 1  
  74  6:19  Marine  
  74  6:23  SCV x3  
  74  6:24  Barracks  
  79  6:25  Barracks  
  79  6:26  Supply Depot, Marine x2  
  79  6:27  Marine  
  79  6:30  Supply Depot  
  81  6:35  SCV x2  
  81  6:36  SCV, Marine x2  
  83  6:43  Supply Depot, Siege Tank  
  83  6:44  Marine  
  87  6:47  SCV x2  
  87  6:48  SCV  
  90  6:54  Refinery  
  90  6:55  Refinery  
  90  6:56  Medivac x2, Armory  
  90  6:57  Supply Depot  
  90  6:59  SCV x2  
  96  7:01  SCV  
  96  7:04  Marine x2  
  96  7:05  Marine  
  96  7:06  Supply Depot  
  96  7:08  Marine x2  
  102  7:11  SCV x2  
  102  7:13  Barracks Tech Lab  
  102  7:14  Barracks Tech Lab  
  102  7:15  SCV, Siege Tank  
  108  7:23  SCV  
  108  7:26  Marine x2, Marauder  
  108  7:27  Marine x2  
  115  7:30  Medivac  
  115  7:31  Combat Shields  
  115  7:34  Marine  
  115  7:35  Supply Depot, Marine  
  119  7:43  Marine  
  119  7:44  Marine, Medivac  
  120  7:45  Supply Depot  
  120  7:48  Marauder  
  125  7:53  Command Center, Marauder x2  
  129  7:59  Supply Depot  
  129  8:00  Supply Depot  
  129  8:02  Marine  
  130  8:06  Marine x2  
  130  8:09  Marauder  
  130  8:11  SCV  
  130  8:12  SCV x2  
  137  8:14  Supply Depot  
  137  8:22  Marine x2, Marauder x2  
  137  8:24  Siege Tank  
  146  8:27  Medivac  
  146  8:28  Medivac  
  150  8:37  Marine x2, Marauder  
  150  8:40  Marine  
  155  8:43  Marauder  
  155  8:47  SCV x3  
  160  8:53  Marine, Marauder  
  160  8:55  Marine x2  

Tags
 
Add a new tag
Caveats
  • Supply blocks, unpowered buildings, or Contaminate may cause inaccurate times.
  • Supply counts are checked every 10 seconds.